 Dungeon Sprint DCSS version 0.31-a0-931-g7b59d4eb97 (webtiles) character file.

Game seed: 13651871371317978820

680 sircluck the Grappler (level 7, -11/81 HPs)
             Began as a Troll Berserker on Oct 19, 2023.
             Was a Priest of Trog.
             Killed from afar by a molten gargoyle (22 damage)
             ... with a bolt of magma
             ... in the Dungeon (Sprint VII: "The Pits").
             The game lasted 00:00:34 (203 turns).

sircluck the Grappler (Troll Berserker)              Turns: 203, Time: 00:00:35

Health: -11/81     AC:  4    Str: 28    XL:     7   Next: 34%
Magic:  6/6        EV: 12    Int:  3    God:    Trog [***...]
Gold:   0          SH:  0    Dex:  9    Spells: 6/6 levels left

rFire   . .          .
                       - Unarmed
rCold   . . .        (no shield)
rNeg    . . .        a - +0 animal skin
rPois   .            (helmet restricted)
rElec   .            (no cloak)
rCorr   .            (gloves unavailable)
SInv    .            (boots unavailable)
Will    .....        (no amulet)
Stlth   +            (no ring)
HPRegen 1.13/turn    (no ring)
MPRegen 0.10/turn

%: no teleportation
@: on berserk cooldown
A: large, unfitting armour, claws 3, regeneration 1, shaggy fur 1, tough skin 1
a: Renounce Religion, Berserk, Trog's Hand


You were in the Dungeon.
You worshipped Trog.
Trog was most pleased with you.
You visited 1 branch

Inventory:

Armour
 a - a +0 animal skin (worn)
Scrolls
 g - a scroll of blinking
Potions
 b - a potion of curing
 c - a potion of heal wounds
 d - a potion of haste
 e - 2 potions of magic
 f - a potion of berserk rage


   Skills:
 + Level 8.3 Fighting
 + Level 8.2 Dodging
 + Level 9.8 Unarmed Combat


You had 6 spell levels left.
You didn't know any spells.
Your spell library was empty.

Dungeon Overview and Level Annotations

Branches:
Dungeon (1/1)

Altars:


Innate Abilities, Weirdness & Mutations

You are too large for most types of armour.
You have claws for hands.
Your natural rate of healing is unusually fast.
You are covered in fur. (AC +1)
You have tough skin. (AC +1)


Message History

No target in view!
You start waiting.
You feel yourself speed up.
You start waiting.
A molten gargoyle is nearby!
The molten gargoyle closely misses you.
Things that are here:
a +0 dagger; a +0 robe You closely miss the molten gargoyle.
The molten gargoyle hits you with a +0 flail!
You are engulfed in flames!
You claw the molten gargoyle!
The molten gargoyle is moderately damaged.
The molten gargoyle blasts magma at you!
The bolt of magma hits you!!
You scratch the molten gargoyle.
The molten gargoyle is moderately damaged.
You barely miss the molten gargoyle.
The molten gargoyle is moderately damaged.
The molten gargoyle hits you with a +0 flail.
You are engulfed in flames!
You are too injured to fight recklessly!
You are too injured to fight recklessly!
You are too injured to fight recklessly!
You are too injured to fight recklessly!
Okay, then.
You scratch the molten gargoyle.
The molten gargoyle is heavily damaged.
The molten gargoyle blasts magma at you!
The bolt of magma misses you.
You claw the molten gargoyle!
The molten gargoyle is severely damaged.
The molten gargoyle blasts magma at you!
The bolt of magma hits you!!
* * * LOW HITPOINT WARNING * * *
You barely miss the molten gargoyle. Your claw misses the molten gargoyle.
The molten gargoyle is severely damaged.
The molten gargoyle blasts magma at you!
The bolt of magma hits you!!
You die...

##########++######
#................#
#......#..#......#
#................+
+.....)..........+
#.....)#.†#......#
#...)....@.......#
####)#####9'######
#.......##''#
#.......##....
#.......##...##
#...<...##..##
#.......##..#
#.......##..'
#.......#


You could see a molten gargoyle.

Vanquished Creatures
  2 kobold demonologists (D)
  A spriggan (D)
  A hound (D)
  2 kobolds (D)
6 creatures vanquished.

Notes
Turn   | Place    | Note
-------+----------+-------------------------------------------
     0 | D        | sircluck the Troll Berserker began the quest for the Orb.
     0 | D        | Reached XP level 1. HP: 22/22 MP: 0/0
    11 | D        | Noticed a hound
    11 | D        | Noticed a spriggan
    11 | D        | Noticed a molten gargoyle
   156 | D        | Noticed a kobold demonologist
   158 | D        | Noticed a crimson imp
   160 | D        | Killed a kobold demonologist
   161 | D        | Reached skill level 7 in Unarmed Combat
   161 | D        | Reached XP level 2. HP: 37/37 MP: 1/1
   161 | D        | Reached XP level 3. HP: 45/45 MP: 2/2
   161 | D        | Reached XP level 4. HP: 53/53 MP: 3/3
   161 | D        | Reached XP level 5. HP: 61/61 MP: 4/4
   167 | D        | Reached ** piety under Trog
   172 | D        | Killed a spriggan
   173 | D        | Reached skill level 8 in Unarmed Combat
   173 | D        | Reached XP level 6. HP: 66/71 MP: 5/5
   179 | D        | Noticed a kobold demonologist
   187 | D        | Killed a kobold demonologist
   187 | D        | Reached *** piety under Trog
   188 | D        | Reached skill level 9 in Unarmed Combat
   188 | D        | Reached XP level 7. HP: 80/80 MP: 6/6
   203 | D        | Killed from afar by a molten gargoyle

Illustrated notes

Levels and vault maps discovered:
D:        pitsprint [storerooms_1, entrance_room_1, metal_vault_7, armoury_2,
          mini_pit_1, grid_room_1, main_hall_1, silver_pit, the_coven_1,
          the_vestibule_1, steel_vault_1, golden_pit, hallway_of_sentries,
          crystal_vault_6, iron_vault_2, final_vault]

Skill      XL: |  1  2  3  4  5  6 |
---------------+-------------------+-----
Fighting       | 6 7 8 |  8.3
Dodging        | 6 7 8 |  8.2
Unarmed Combat | 7 8 9 |  9.8

Action                     |  1- 3 |  4- 6 |  7- 9 || total
---------------------------+-------+-------+-------++-------
  Melee: Unarmed           |     3 |    10 |     8 ||    21
 Invoke: Berserk           |     1 |       |       ||     1
 Armour: Animal skin       |       |     6 |     5 ||    11
  Dodge: Dodged            |     1 |     7 |     2 ||    10

Table legend: (Time is in decaauts)
 A = Elapsed time spent in this place.
 B = Non-inter-level travel time spent in this place.
 C = Inter-level travel time spent in this place.
 D = Time resting spent in this place.
 E = Time spent auto-exploring this place.
 F = Levels seen in this place.
 G = Mean time per level.
                   A        B        C        D        E       F      G
               +--------+--------+--------+--------+--------+-----+--------+
         Total |    211 |    211 |      0 |    150 |     11 |   1 |  211.0 |
       Dungeon |    211 |    211 |      0 |    150 |     11 |   1 |  211.0 |
               +--------+--------+--------+--------+--------+-----+--------+

Top non-repeatable levels by time:
       D: 211 daAuts
